 Dungeon Crawl Stone Soup version 0.27-a0-899-ge2d0b17c59 (webtiles) character file.

Game seed: 11219619822015903037

1083 leviel the Cleaver (level 8, -14/68 HPs)
             Began as a Hill Orc Fighter on Apr 5, 2021.
             Killed from afar by a steam dragon (17 damage)
             ... with a ball of steam
             ... on level 4 of the Dungeon.
             The game lasted 00:09:17 (4579 turns).

leviel the Cleaver (Hill Orc Fighter)               Turns: 4579, Time: 00:09:18

Health: -14/68     AC: 11    Str: 21    XL:     8   Next: 30%
Magic:  8/8        EV:  8    Int:  8    God:
Gold:   235        SH: 10    Dex: 10    Spells: 7/7 levels left

rFire    . . .     SeeInvis .   a - +2 war axe (freeze)
rCold    . . .     Faith    .   c - +0 kite shield
rNeg     . . .     Spirit   .   m - +0 scale mail
rPois    .         Reflect  .   (no helmet)
rElec    .         Harm     .   o - +0 cloak
rCorr    .         Rampage  .   r - +2 pair of gloves
Will     +....                  (no boots)
Stlth    ..........             (no amulet)
HPRegen  0.21/turn              i - ring of willpower
MPRegen  0.11/turn              (no ring)

@: hasted, very quick
A: no striking features
a: no special abilities


You were on level 4 of the Dungeon.
You visited 1 branch of the dungeon, and saw 4 of its levels.
You also visited: Sewer.

You collected 235 gold pieces.

Inventory:

Hand Weapons
 a - a +2 war axe of freezing (weapon)
 b - a +0 hunting sling
Missiles
 n - 137 stones (quivered)
Armour
 c - a +0 kite shield (worn)
 m - a +0 scale mail (worn)
 o - a +0 cloak (worn)
 r - a +2 pair of gloves (worn)
Jewellery
 i - a ring of willpower (left hand)
Wands
 e - a wand of charming (9)
 u - a wand of random effects (14)
Scrolls
 l - a scroll of teleportation
 p - a scroll of blinking
 q - a scroll of fear
Potions
 d - a potion of might
 f - 3 potions of flight
 g - a potion of mutation {unknown}
 k - a potion of berserk rage


   Skills:
 + Level 5.3 Fighting
 + Level 8.8 Axes
 + Level 1.9 Slings
 + Level 5.0 Armour
 + Level 1.2 Dodging
 + Level 0.5 Stealth
 + Level 5.3 Shields


You had 7 spell levels left.
You didn't know any spells.
Your spell library contained the following spells:

 Spells                   Type           Power      Damage    Failure   Level
 Magic Dart               Conj           0%         1d3       98%         1
 Blink                    Tloc           N/A        N/A       99%         2
 Call Imp                 Summ           0%         N/A       99%         2
 Slow                     Hex            0%         N/A       99%         2
 Conjure Flame            Conj/Fire      0%         6-21      100%        3
 Mephitic Cloud           Conj/Pois/Air  0%         N/A       100%        3


Dungeon Overview and Level Annotations

Branches:
Dungeon (4/15)              Sewer (visited)
 Temple: D:4-7

Altars:
Uskayaw

Shops:
D:4 :

Annotations:
D:3 2 runed translucent doors, DonatoSpire's ghost, amateur MiBe


Message History

You slash the steam dragon! You freeze the steam dragon.
The steam dragon is severely wounded.
You are engulfed in a cloud of scalding steam.
The steam dragon closely misses you.
The steam dragon claws you but does no damage.
You hit the steam dragon but do no damage.
The steam dragon is severely wounded.
The steam dragon breathes steam at you. The ball of steam hits you!!
* * * LOW HITPOINT WARNING * * *
Okay, then.
You hit the steam dragon. You freeze the steam dragon.
The steam dragon is almost dead.
You are engulfed in a cloud of scalding steam.
* * * LOW HITPOINT WARNING * * *
You block the steam dragon's attack. x2
The steam dragon bites you but does no damage.
The steam dragon claws you but does no damage.
You closely miss the steam dragon.
The steam dragon is almost dead.
You are engulfed in a cloud of scalding steam.
The steam dragon bites you but does no damage.
The steam dragon claws you but does no damage.
You hit the steam dragon. You freeze the steam dragon.
The steam dragon is almost dead.
You are engulfed in a cloud of scalding steam.
* * * LOW HITPOINT WARNING * * *
You block the steam dragon's attack. The steam dragon barely misses you.
You feel yourself speed up.
You are engulfed in a cloud of scalding steam.
* * * LOW HITPOINT WARNING * * *
The steam dragon bites you.
* * * LOW HITPOINT WARNING * * *
The steam dragon claws you.
* * * LOW HITPOINT WARNING * * *
You barely miss the steam dragon.
The steam dragon is almost dead.
The steam dragon breathes steam at you. The ball of steam hits you!
You die...

#.....).###.#.##........
#......[................
#.......########..>.....
#.......##.....<........
#.......##.######.######
###.######.# #.# #.# #.#
#.#
*#######.######.######.#
*..........D@.§......#.#
*#.#####.######.###.##.#
*,*
#.#,.§.#.#.#,*#.######
*,*
#.#.##.#...#,*#......#
*,*
#.#...§..#.#,*######.#
*,* #.#..#§#.#.#,* #.#
*,* #.#,,#.#.#.#,* #.#
*,****#.#,,#,#.<.#,* #.#
*,,,,,,,*,,*,#####,* #..


You could see a steam dragon (catching breath).

Vanquished Creatures
  Pikel (D:4)
  Sigmund (D:2)
  A phantom (D:4)
  A bullfrog (Sewer)
  An orc priest (D:4)
  A hound (D:4)
  Ijyb (D:4)
  Terence (D:2)
  An orc wizard (D:4)
  11 adders
  2 worms (D:2)
  5 dart slugs
  4 orcs
  10 ball pythons
  7 endoplasms
  12 giant cockroaches
  6 hobgoblins
  7 jackals
  8 quokkas
  A bat (D:2)
  8 frilled lizards
  8 goblins
  13 kobolds
  6 rats
117 creatures vanquished.

Notes
Turn   | Place    | Note
-------+----------+-------------------------------------------
     0 | D:1      | leviel the Hill Orc Fighter began the quest for the Orb.
     0 | D:1      | Reached XP level 1. HP: 19/19 MP: 1/1
   106 | D:1      | Reached XP level 2. HP: 22/27 MP: 2/2
   254 | D:1      | Reached skill level 3 in Axes
   566 | D:1      | Reached XP level 3. HP: 30/33 MP: 3/3
   798 | D:2      | Reached skill level 4 in Axes
   967 | D:2      | Reached XP level 4. HP: 36/40 MP: 4/4
  1077 | D:2      | Noticed Terence
  1085 | D:2      | Killed Terence
  1086 | D:2      | Reached skill level 5 in Axes
  1392 | D:2      | Reached XP level 5. HP: 46/46 MP: 5/5
  1478 | D:2      | Noticed Sigmund
  1493 | D:2      | Killed Sigmund
  1494 | D:2      | Reached skill level 6 in Axes
  1494 | D:2      | Reached skill level 1 in Slings
  1494 | D:2      | Reached XP level 6. HP: 51/53 MP: 6/6
  1892 | D:3      | Found a large runed translucent door.
  2036 | D:3      | Found a glowing drain.
  2040 | Sewer    | Entered a sewer
  2851 | D:3      | Found a large runed translucent door.
  2853 | D:3      | Noticed DonatoSpire's ghost (amateur MiBe)
  3013 | D:3      | Reached XP level 7. HP: 60/60 MP: 7/7
  3517 | D:4      | Found Kyagef's Book Shop.
  3560 | D:4      | Found a hide-covered altar of Uskayaw.
  3565 | D:4      | Reached skill level 1 in Dodging
  3600 | D:4      | Reached skill level 7 in Axes
  3846 | D:4      | Noticed Ijyb
  3854 | D:4      | Killed Ijyb
  3932 | D:4      | Reached skill level 5 in Fighting
  4197 | D:4      | Noticed a steam dragon
  4377 | D:4      | Noticed Pikel
  4393 | D:4      | Killed Pikel
  4394 | D:4      | Reached skill level 8 in Axes
  4394 | D:4      | Reached skill level 5 in Armour
  4394 | D:4      | Reached skill level 5 in Shields
  4394 | D:4      | Reached XP level 8. HP: 64/68 MP: 8/8
  4578 | D:4      | HP: 3/68 [steam dragon (3)]
  4579 | D:4      | Killed from afar by a steam dragon

Illustrated notes

Levels and vault maps discovered:
D:1:      kennysheep_arrival_forest, layout_rooms
D:2:      minmay_inner_zag, layout_rooms, uniq_sigmund, uniq_terence
D:3:      layout_basic, ebering_ghost_disaster_area, gup_sewer_entry_bowl,
          minivault_14, minmay_misc_feat_five
D:4:      layout_basic, lemuel_crystal_altar, serial_shops,
          nicolae_shop_crystal, minmay_fractal_squares_gapless_5, uniq_pikel,
          uniq_ijyb

Skill      XL: |  1  2  3  4  5  6  7 |
---------------+----------------------+-----
Axes           | 3 4 5 6 8 |  8.8
Fighting       | 4 5 |  5.3
Slings         | 1 |  1.9
Armour         | 4 5 |  5.0
Shields        | 4 5 |  5.3
Dodging        | 1 |  1.2
Stealth        | |  0.5

Action                   |  1- 3 |  4- 6 |  7- 9 || total
-------------------------+-------+-------+-------++-------
Melee: War axe           |    76 |   146 |    78 ||   300
 Fire: Hunting sling     |       |    63 |       ||    63
  Use: Scroll            |       |       |    17 ||    17
       Potion            |       |       |     1 ||     1
Armor: Scale mail        |    25 |    90 |    30 ||   145
Dodge: Dodged            |    35 |    44 |    21 ||   100
Block: Kite shield       |    36 |    89 |    43 ||   168

Table legend: (Time is in decaauts)
 A = Elapsed time spent in this place.
 B = Non-inter-level travel time spent in this place.
 C = Inter-level travel time spent in this place.
 D = Time resting spent in this place.
 E = Time spent auto-exploring this place.
 F = Levels seen in this place.
 G = Mean time per level.
                   A        B        C        D        E       F      G
               +--------+--------+--------+--------+--------+-----+--------+
         Total |   4866 |   4797 |     69 |    375 |   3320 |   5 |  973.2 |
       Dungeon |   3905 |   3836 |     69 |    375 |   2762 |   4 |  976.2 |
         Sewer |    961 |    961 |      0 |      0 |    557 |   1 |  961.0 |
               +--------+--------+--------+--------+--------+-----+--------+

Top non-repeatable levels by time:
     D:4: 1129 daAuts
     D:3: 1031 daAuts
   Sewer: 961 daAuts
     D:2: 947 daAuts
     D:1: 796 daAuts
